 Dungeon Crawl Stone Soup version 0.26-a0-1138-gef23d1325b (webtiles) character file.

Game seed: 6159896510575758745

105 1994 the Poker (level 4, 2/48 HPs)
             Began as an Ogre Gladiator on Dec 21, 2020.
             Quit the game on level 3 of the Dungeon.
             The game lasted 00:07:12 (2692 turns).

1994 the Poker (Ogre Gladiator)                     Turns: 2692, Time: 00:07:13

Health: 2/48       AC:  3    Str: 18    XL:     4   Next: 81%
Magic:  4/4        EV: 11    Int:  9    God:
Gold:   88         SH:  0    Dex: 11    Spells: 3/3 levels left

rFire    . . .     SeeInvis .   a - +0 trident
rCold    . . .     Faith    .   (no shield)
rNeg     . . .     Spirit   .   p - +0 robe
rPois    .         Reflect  .   c - +0 hat
rElec    .         Harm     .   (no cloak)
rCorr    .         Rampage  .   (gloves unavailable)
Will     .....                  (boots unavailable)
Stlth    +.........             (no amulet)
HPRegen  0.16/turn              (no ring)
MPRegen  0.09/turn              (no ring)

@: lethally poisoned (2 -> -10)
A: large, unfitting armour, tough skin 1
a: no special abilities


You were on level 3 of the Dungeon.
You visited 1 branch of the dungeon, and saw 3 of its levels.

You collected 88 gold pieces.

Inventory:

Hand Weapons
 a - a +0 trident (weapon)
 b - a +2 hunting sling of flaming
Missiles
 d - 3 throwing nets
 e - 91 stones (quivered)
 h - 13 javelins
 k - 3 sling bullets
Armour
 c - a +0 hat (worn)
 p - a +0 robe (worn)
Scrolls
 f - a scroll of identify {unknown}
 g - a scroll of fog {unknown}
 i - 3 scrolls of amnesia
 j - 2 scrolls of enchant armour {unknown}
 m - 2 scrolls of teleportation {unknown}
 n - a scroll of remove curse {unknown}
 o - a scroll of fear {unknown}


   Skills:
 + Level 3.9 Fighting
 * Level 4.3 Polearms
 + Level 2.1 Throwing
 - Level 3.2 Dodging


You had 3 spell levels left.
You didn't know any spells.
Your spell library was empty.

Dungeon Overview and Level Annotations

Branches:
Dungeon (3/15)

Altars:

Annotations:
D:3 Sigmund


Innate Abilities, Weirdness & Mutations

You are too large for most types of armour.
You have tough skin. (AC +1)


Message History

Sigmund is heavily wounded.
You feel sick. Sigmund hits you but does no damage.
You hit Sigmund.
Sigmund is heavily wounded.
You feel less wooden.
Your +0 hat unmelds from your body.
Your +0 robe unmelds from your body.
Sigmund hits you with a +2 scythe of venom!
* * * LOW HITPOINT WARNING * * *
You are lethally poisoned!
Unknown command.
As you read the scroll labelled ZACIANW QURAE, it crumbles to dust.
It is a scroll of amnesia.
You feel forgetful for a moment.
* * * LOW HITPOINT WARNING * * *
You feel sick.
Unknown command.
Unknown command.
Unknown command.
Unknown command.
Are you sure you want to abandon this character and quit the game? (Confirm with "yes".)

###...# ..+...+
#####.#...# #(....#...#
#....(#...# #....(#...###
###...........#
##.####<(..†....(...######
..(......@@...............
###.####(...........######
#..........).######
#(###........)..... #.#
#.......)...... #.#
#.............. #.#
#.....###...... #.#
#.....# ####### #! #.....#
##


You could see Sigmund.

Vanquished Creatures
  4 adders
  A worm (D:2)
  A dart slug (D:3)
  2 leopard geckos (D:2)
  4 orcs (D:3)
  5 bats
  4 giant cockroaches
  6 goblins
  7 hobgoblins
  3 jackals (D:2)
  8 kobolds
  2 frilled lizards
  11 rats
58 creatures vanquished.

Vanquished Creatures (others)
  11 plants (D:1)
11 creatures vanquished.

Grand Total: 69 creatures vanquished

Notes
Turn   | Place    | Note
-------+----------+-------------------------------------------
     0 | D:1      | 1994 the Ogre Gladiator began the quest for the Orb.
     0 | D:1      | Reached XP level 1. HP: 22/22 MP: 1/1
   115 | D:1      | Reached XP level 2. HP: 31/31 MP: 2/2
   993 | D:2      | Reached XP level 3. HP: 37/37 MP: 3/3
  2083 | D:2      | Reached skill level 4 in Polearms
  2083 | D:2      | Reached XP level 4. HP: 45/45 MP: 4/4
  2616 | D:3      | Noticed Sigmund
  2691 | D:3      | HP: 2/48 [poisoned by Sigmund]
  2692 | D:3      | Quit the game

Illustrated notes

Levels and vault maps discovered:
D:1:      lemuel_arrival_river_ford, layout_rooms, serial_bayou,
          serial_bayou_shore_a, serial_bayou_pond_c, serial_bayou_pond_c,
          serial_bayou_shore_b
D:2:      layout_loops_corners
D:3:      layout_basic, nicolae_dithmenos_through_a_glass_darkly,
          nicolae_overflow_hidden_temple, uniq_jessica, uniq_sigmund

Skill      XL: |  1  2  3 |
---------------+----------+-----
Fighting       | 3 |  3.9
Dodging        | 3 |  3.2
Polearms       | 4 |  4.3
Throwing       | |  2.1

Action                   |  1- 3 |  4- 6 || total
-------------------------+-------+-------++-------
Melee: Trident           |   115 |    29 ||   144
 Fire: Hunting sling     |     3 |    48 ||    51
Throw: Throwing net      |     2 |       ||     2
  Use: Potion            |       |     4 ||     4
       Scroll            |       |     1 ||     1
Armor: Robe              |    18 |     4 ||    22
       Skin              |       |    12 ||    12
Dodge: Dodged            |    36 |    25 ||    61

Table legend: (Time is in decaauts)
 A = Elapsed time spent in this place.
 B = Non-inter-level travel time spent in this place.
 C = Inter-level travel time spent in this place.
 D = Time resting spent in this place.
 E = Time spent auto-exploring this place.
 F = Levels seen in this place.
 G = Mean time per level.
                   A        B        C        D        E       F      G
               +--------+--------+--------+--------+--------+-----+--------+
         Total |   2742 |   2657 |     85 |    806 |   1230 |   3 |  914.0 |
       Dungeon |   2742 |   2657 |     85 |    806 |   1230 |   3 |  914.0 |
               +--------+--------+--------+--------+--------+-----+--------+

Top non-repeatable levels by time:
     D:2: 1601 daAuts
     D:1: 972 daAuts
     D:3: 168 daAuts
